 Dungeon Crawl Stone Soup version 0.30.0-19-g36f170ea60 (webtiles) character file.

Game seed: 6032021512740769323

11299 AiryTheDragon the Covered (level 11, -7/80 HPs)
             Began as a Demonspawn Fire Elementalist on May 31, 2023.
             Was a Follower of Trog.
             Mangled by an elephant (13 damage)
             ... on level 1 of the Lair of Beasts.
             The game lasted 02:33:54 (12182 turns).

AiryTheDragon the Covered (DsFE)                   Turns: 12182, Time: 02:33:55

Health: -7/80      AC: 13    Str: 18    XL:     11   Next: 47%
Magic:  14/14      EV: 14    Int: 15    God:    Trog [*.....]
Gold:   539        SH:  0    Dex: 18    Spells: 13/14 levels left

rFire   + + .        Q - +2 hand axe (freeze)
rCold   . . .        (no shield)
rNeg    . . .        W - +2 swamp dragon scales
rPois   +            D - +2 hat
rElec   .            (no cloak)
rCorr   .            (no gloves)
SInv    .            (no boots)
Will    .....        j - amulet of regeneration
Stlth   ++           h - +6 ring of strength
HPRegen 1.13/turn    s - ring of protection from fire
MPRegen 0.28/turn

%: no passive effects
@: about to teleport, hasted, studying Earth Magic, very quick
A: claws 2, foul stench 1, magic regeneration, agile 1, fire resistance 1,
sturdy frame 1
a: Renounce Religion, Berserk


You were on level 1 of the Lair of Beasts.
You worshipped Trog.
Trog was aware of your devotion.
You visited 3 branches of the dungeon, and saw 12 of its levels.

You collected 765 gold pieces.
You spent 226 gold pieces at shops.

Inventory:

Hand Weapons
 w - a +2 halberd of venom
 x - a +1 mace of protection
 B - a +1 dagger of protection
 E - a +0 sling
 N - a +2 short sword of venom
 P - a +2 spear of chaos
 Q - a +2 hand axe of freezing (weapon)
 R - a +0 vampiric hand axe
 V - a +0 glaive of flaming
Missiles
 a - 7 datura-tipped darts
 r - 3 javelins
 v - 72 stones (quivered)
 F - 2 curare-tipped darts
 L - 2 throwing nets
 T - 5 poisoned darts
Armour
 p - a +2 ring mail of cold resistance
 q - a +0 pair of gloves
 D - a +2 hat (worn)
 J - a +0 troll leather armour
 W - +2 swamp dragon scales (worn)
Jewellery
 f - a ring of fire
 h - a +6 ring of strength (left claw)
 j - an amulet of regeneration (around neck)
 s - a ring of protection from fire (right claw)
 O - a ring of ice
 S - an amulet of faith
Wands
 z - a wand of charming (1)
 M - a wand of polymorph (14)
Scrolls
 d - a scroll of poison
 k - a scroll of amnesia {unknown}
 l - 2 scrolls of blinking
 o - 3 scrolls of silence
 t - a scroll of teleportation
 u - a scroll of butterflies {unknown}
 y - a scroll of torment {unknown}
 A - a scroll of acquirement {unknown}
 G - 2 scrolls of fog
 I - 4 scrolls of immolation
Potions
 b - a potion of magic
 c - 3 potions of cancellation
 e - 3 potions of haste
 i - a potion of invisibility {unknown}
 m - 2 potions of might
 n - a potion of heal wounds
 C - a potion of curing
 H - a potion of berserk rage
 K - 3 potions of lignification
 U - 2 potions of brilliance


   Skills:
 + Level 5.5 Fighting
 + Level 2.2(2.3) Short Blades
 + Level 1.0(1.7) Long Blades
 + Level 5.7(7.6) Axes
 + Level 4.6(6.0) Maces & Flails
 + Level 6.0(7.1) Polearms
 + Level 2.3 Throwing
 * Level 7.7 Armour
 + Level 4.5 Dodging
 + Level 3.8 Stealth
 + Level 2.3 Shields
 - Level 2.1 Spellcasting
 - Level 1.0 Conjurations
 - Level 3.0 Fire Magic
 - Level 1.5 Earth Magic
 * Level 7.2 Evocations


You had 13 spell levels left.
You knew the following spells:

 Your Spells              Type           Power      Damage    Failure   Level
a - Foxfire               Conj/Fire      28%        2x1d5     12%         1

Your spell library contained the following spells:

 Spells                   Type           Power      Damage    Failure   Level
 Scorch                   Fire           20%        2d5       12%         2
 Shock                    Conj/Air       12%        1d3       22%         1
 Slow                     Hex            4%         N/A       28%         1
 Momentum Strike          Conj/Tloc      6%         3d8       34%         2
 Blink                    Tloc           2%         N/A       38%         2
 Lesser Beckoning         Tloc           2%         N/A       38%         2
 Inner Flame              Hex/Fire       6%         N/A       41%         3
 Volatile Blastmotes      Fire/Tloc      12%        2d11      41%         3
 Confusing Touch          Hex            1%         N/A       63%         3
 Gell's Gravitas          Tloc           1%         N/A       63%         3
 Swiftness                Air            1%         N/A       63%         3
 Teleport Other           Tloc           1%         N/A       63%         3
 Vampiric Draining        Necr           1%         2d6       63%         3
 Flame Wave               Conj/Fire      7%         2d5       77%         4
 Animate Armour           Summ/Erth      6%         N/A       90%         4
 Airstrike                Air            0%         2d(1-17)  95%         4
 Manifold Assault         Tloc           1%         N/A       95%         4
 Blade Hands              Tmut           0%         N/A       100%        5
 Iron Shot                Conj/Erth      2%         9d2       100%        6
 Storm Form               Tmut/Air       0%         N/A       100%        7


Dungeon Overview and Level Annotations

Branches:
Dungeon (10/15)            Temple (1/1) D:6            Lair (1/5) D:10
    Orc: D:9-12

Altars:
Ashenzari
Cheibriados
Dithmenos
Fedhas
Gozag
Hepliaklqana
Kikubaaqudgha
Makhleb
Nemelex Xobeh
Okawaru
Qazlal
Ru
Sif Muna
Trog
Uskayaw
Vehumet
Wu Jian
Xom
Yredelemnul

Shops:
D:3 *   D:9 *[


Innate Abilities, Weirdness & Mutations

You have very sharp fingernails.
You may rarely emit foul miasma when damaged in melee.
You regenerate magic rapidly.
You are agile. (Dex +4, Str/Int -1)
Your flesh is heat resistant. (rF+)
Your movements are slightly less encumbered by armour. (ER -2)


Message History

As you read the scroll of teleportation, it crumbles to dust.
You feel strangely unstable.
You recover from your berserk rage.
The blink frog hits you.
The blink frog blinks!
You hit the elephant but do no damage.
The elephant is moderately wounded.
You completely miss the elephant. The elephant barely misses you.
The elephant trunk-slaps you but does no damage.
The elephant completely misses you. The elephant misses you.
You barely miss the elephant.
The elephant is moderately wounded.
You hit the elephant but do no damage. The elephant tramples you!
* * * LOW HITPOINT WARNING * * *
You hold your ground!
The elephant closely misses you.
The elephant tramples you but does no damage.
The elephant barely misses you.
You slash the elephant! You freeze the elephant.
The elephant is heavily wounded.
You hit the elephant. You freeze the elephant.
You hit the elephant but do no damage.
The elephant is heavily wounded.
You hit the elephant. You freeze the elephant. The elephant misses you.
The elephant trunk-slaps you but does no damage.
The elephant tramples you!
* * * LOW HITPOINT WARNING * * *
You hold your ground!
The elephant trunk-slaps you but does no damage.
You hit the elephant but do no damage.
The elephant is heavily wounded.
You closely miss the blink frog. You hit the elephant. You freeze the elephant.
The blink frog hits you!
* * * LOW HITPOINT WARNING * * *
The blink frog blinks!
Unknown command.
You hit the elephant but do no damage.
The elephant is heavily wounded.
You hit the elephant but do no damage. The elephant misses you.
The elephant trunk-slaps you but does no damage.
The elephant tramples you!
You die...

##+##.##....###..#
.##.....#P..........
.......+........... #.
#.....##....#.....
#..##.................
#..#P......#....##....
#..####P#'##....######
#..######.#P....#
#....@..............
##...YY§.............
#.....................
##....................
#..F.####.P##.........
##..## ##..##....#..##
##..# .....##...###..#
#...# .....##....#...
##..##......+......


You could see 2 elephants and a blink frog.

Vanquished Creatures
  Gastronok (D:10)
  Erolcha (D:9)
  2 two-headed ogres
  A manticore (D:9)
  An elephant (Lair:1)
  Maggie (D:7)
  2 cane toads (Lair:1)
  A kobold demonologist (D:9)
  The ghost of bronco the Tainter, a novice OpVM of Gozag (D:5)
  A troll (D:10)
  A blink frog (Lair:1)
  2 hornets
  2 wraiths (D:9)
  3 wyverns
  A fire bat (D:8)
  7 yaks
  Menkaure (D:7)
  2 water moccasins
  An orc warrior (D:6)
  3 sky beasts (D:7)
  2 ice beasts
  A black bear (D:6)
  4 ogres
  The ghost of monsoonserge the Charlatan, an amateur HuWn (D:3)
  2 centaurs
  3 kobold brigands
  4 bullfrogs
  4 scorpions
  3 killer bees (D:10)
  An electric eel (D:7)
  4 howler monkeys
  2 lava snakes (D:10)
  4 orc priests
  4 hounds
  2 jellies
  An iguana (D:5)
  A sleepcap (D:7)
  A gnoll bouda (D:3)
  8 orc wizards
  5 gnolls (D:3)
  10 adders
  3 white imps
  A worm (D:4)
  3 dart slugs
  31 orcs
  12 endoplasms
  2 giant cockroaches (D:3)
  6 hobgoblins
  18 kobolds
  2 quokkas
  8 ball pythons
  11 bats
  4 frilled lizards
  10 goblins
  3 rats
216 creatures vanquished.

Vanquished Creatures (collateral kills)
  A human (D:10)
  An orc warrior (D:10)
2 creatures vanquished.

Vanquished Creatures (others)
  An orc wizard (D:10)
  2 gnolls (D:3)
  15 foxfires (D:1)
18 creatures vanquished.

Grand Total: 236 creatures vanquished

Notes
Turn   | Place    | Note
-------+----------+-------------------------------------------
     0 | D:1      | AiryTheDragon the Demonspawn Fire Elementalist began the
                  | quest for the Orb.
     0 | D:1      | Reached XP level 1. HP: 13/13 MP: 3/3
   182 | D:1      | Gained mutation: You may rarely emit foul miasma when
                  | damaged in melee. [demonic ancestry]
   182 | D:1      | Reached XP level 2. HP: 19/19 MP: 5/5
   306 | D:1      | Found a faded altar of an unknown god.
   315 | D:1      | Prayed at the altar of an unknown god.
   315 | D:1      | Became a worshipper of Trog the Wrathful
   315 | D:1      | Reached * piety under Trog
   843 | D:1      | Reached XP level 3. HP: 14/24 MP: 6/6
  1362 | D:2      | Reached ** piety under Trog
  1744 | D:2      | Reached skill level 1 in Armour
  1744 | D:2      | Reached XP level 4. HP: 30/31 MP: 7/7
  2246 | D:3      | Found a bloodstained altar of Trog.
  2310 | D:3      | Reached skill level 1 in Short Blades
  2400 | D:3      | Found Docap's Assorted Antiques.
  2403 | D:3      | Bought a bone wand for 88 gold pieces
  2403 | D:3      | Bought a viscous emerald potion for 19 gold pieces
  2487 | D:3      | Reached skill level 1 in Fighting
  2537 | D:3      | Reached XP level 5. HP: 14/37 MP: 8/8
  2802 | D:3      | Noticed monsoonserge's ghost (amateur HuWn)
  2858 | D:3      | Found a transporter.
  2961 | D:3      | Found a transporter.
  3568 | D:4      | Reached skill level 1 in Maces & Flails
  3627 | D:4      | Reached skill level 1 in Evocations
  3769 | D:4      | Found a radiant altar of Vehumet.
  3769 | D:4      | Found a faded altar of an unknown god.
  3777 | D:4      | Found a hide-covered altar of Uskayaw.
  3783 | D:4      | Found a basalt altar of Yredelemnul.
  3785 | D:4      | Found an opulent altar of Gozag.
  3919 | D:4      | Found a shadowy altar of Dithmenos.
  4026 | D:4      | Gained mutation: You have sharp fingernails. [demonic
                  | ancestry]
  4026 | D:4      | Reached XP level 6. HP: 40/43 MP: 9/9
  4614 | D:3      | Bought a scroll of identify for 44 gold pieces
  4654 | D:5      | Entered Level 5 of the Dungeon
  4719 | D:5      | Reached XP level 7. HP: 49/49 MP: 10/10
  4746 | D:5      | Gained mutation: You are partially covered in large bone
                  | plates. (SH +4) [potion of mutation]
  4746 | D:5      | Gained mutation: You are frail. (-10% HP) [potion of
                  | mutation]
  4746 | D:5      | Gained mutation: You are clumsy. (Dex -2) [potion of
                  | mutation]
  4746 | D:5      | Lost mutation: You are frail. (-10% HP) [potion of
                  | mutation]
  5097 | D:5      | Reached skill level 1 in Axes
  5579 | D:5      | Found a runed translucent gate.
  5581 | D:5      | Found a runed translucent gate.
  5582 | D:5      | Found a runed translucent gate.
  5582 | D:5      | Noticed bronco's ghost (novice OpVM)
  5691 | D:5      | Found a snail-covered altar of Cheibriados.
  6107 | D:6      | Reached XP level 8. HP: 57/57 MP: 11/11
  6616 | D:3      | Killed monsoonserge's ghost
  6617 | D:3      | Reached skill level 1 in Long Blades
  6784 | D:6      | Reached skill level 1 in Shields
  6808 | D:6      | Reached skill level 1 in Polearms
  7030 | D:6      | Found a sacrificial altar of Ru.
  7177 | D:6      | Found a staircase to the Ecumenical Temple.
  7191 | Temple   | Entered the Ecumenical Temple
  7611 | D:7      | Gained mutation: You regenerate magic rapidly. [demonic
                  | ancestry]
  7611 | D:7      | Reached XP level 9. HP: 63/63 MP: 12/12
  8036 | D:7      | Noticed Prince Ribbit
  8037 | D:7      | Prince Ribbit changed into Prince Ribbit the sky beast
  8037 | D:7      | Noticed Prince Ribbit
  8052 | D:7      | Killed Prince Ribbit the sky beast
  8053 | D:7      | Reached skill level 1 in Earth Magic
  8057 | D:7      | Reached skill level 1 in Throwing
  8077 | D:7      | Reached skill level 5 in Armour
  8263 | D:7      | Found a sparkling altar of Nemelex Xobeh.
  8765 | D:7      | Noticed Menkaure
  8767 | D:7      | Killed Menkaure
  8783 | D:7      | Noticed Maggie
  8787 | D:7      | Killed Maggie
  9076 | D:8      | Reached skill level 5 in Evocations
  9273 | D:8      | Noticed Joseph
  9277 | D:8      | Joseph changed into Joseph the fire bat
  9277 | D:8      | Noticed Joseph
  9280 | D:8      | Killed Joseph the fire bat
  9727 | D:5      | Killed bronco's ghost
  9728 | D:5      | Gained mutation: You have very sharp fingernails. [demonic
                  | ancestry]
  9728 | D:5      | Reached XP level 10. HP: 72/72 MP: 13/13
  9884 | D:9      | Noticed Erolcha
  9887 | D:9      | Killed Erolcha
  9888 | D:9      | Reached skill level 5 in Axes
 10189 | D:9      | Found an iron altar of Okawaru.
 10189 | D:9      | Found an ancient bone altar of Kikubaaqudgha.
 10227 | D:9      | Noticed a manticore
 10235 | D:9      | Killed a manticore
 10536 | D:9      | Noticed a two-headed ogre
 10541 | D:9      | Killed a two-headed ogre
 10699 | D:9      | Found Nolesch's Antique Armour Shoppe.
 10725 | D:9      | Found Ytroobos's General Store.
 10728 | D:9      | Bought a scroll of identify for 30 gold pieces
 10728 | D:9      | Bought a potion of curing for 45 gold pieces
 10980 | D:10     | Entered Level 10 of the Dungeon
 10980 | D:10     | Noticed Gastronok
 10995 | D:10     | Killed Gastronok
 10996 | D:10     | Reached skill level 5 in Fighting
 10996 | D:10     | Reached XP level 11. HP: 61/79 MP: 14/14
 11089 | D:10     | Found a staircase to the Lair.
 11189 | D:10     | Found an ornate altar of the Wu Jian Council.
 11449 | D:10     | Reached skill level 5 in Polearms
 11479 | D:10     | Noticed Sonja
 11480 | D:10     | Sonja changed into Sonja the human
 11480 | D:10     | Noticed Sonja
 11487 | D:10     | Killed Sonja the human
 11510 | D:10     | Lost mutation: You are clumsy. (Dex -2) [potion of
                  | mutation]
 11510 | D:10     | Lost mutation: You are partially covered in large bone
                  | plates. (SH +4) [potion of mutation]
 11510 | D:10     | Gained mutation: Your movements are slightly less
                  | encumbered by armour. (ER -2) [potion of mutation]
 11510 | D:10     | Gained mutation: You are agile. (Dex +4, Str/Int -1)
                  | [potion of mutation]
 11510 | D:10     | Gained mutation: Your flesh is heat resistant. (rF+)
                  | [potion of mutation]
 11641 | D:10     | Noticed a two-headed ogre
 11646 | D:10     | Killed a two-headed ogre
 11819 | D:10     | Found a burning altar of Makhleb.
 11963 | Lair:1   | Entered Level 1 of the Lair of Beasts
 12182 | Lair:1   | Mangled by an elephant

Illustrated notes

Levels and vault maps discovered:
D:1:      kennysheep_arrival_forest, layout_basic,
          shapermc_ecumenical_altar_mp_highgroup, serial_forest,
          infiniplex_forest_straight_4, infiniplex_forest_straight_4,
          infiniplex_forest_clump_cross, infiniplex_forest_clump_double,
          infiniplex_forest_clump_C, infiniplex_forest_clump_diagonal,
          infiniplex_forest_end_1, minmay_misc_feat_roman,
          minmay_misc_feat_tower
D:2:      layout_basic
D:3:      layout_loops_corners, lemuel_tele_altar, serial_shops, shop,
          gammafunk_ghost_gnarly_gnolls
D:4:      layout_loops_ring, chequers_temple_overflow_minitemple,
          mainiacjoe_overflow_24_doors, lemuel_crystal_altar
D:5:      layout_loops_cross, cheibrodos_worm_habitat,
          ebering_ghost_rock_garden, feat_on_display
D:6:      layout_gridville, nicolae_ru_great_annihilating_truth,
          minmay_temple_entry_purple_smoke, grunt_ministairs_1,
          lightli_orcish_oven
D:7:      layout_layer_cave, nicolae_overflow_squiral, uniq_prince_ribbit1,
          uniq_menkaure, uniq_maggie
D:8:      layout_loops_ring, uniq_joseph
D:9:      wad_cavern_with_rooms, layout_basic, gammafunk_temple_overflow_wave,
          serial_shops, shop, nicolae_shop_overgrown_old_shop, uniq_erolcha
D:10:     layout_small_grid, nicolae_wu_jian_glorious_leap,
          lightli_temple_of_fire, lair_entry_dummy, uniq_gastronok, uniq_sonja
Temple:   nicolae_temple_great_sept
Lair:1:   layout_regular_city, grunt_megastairs_5, lemuel_fruit_fields

Skill      XL: |  1  2  3  4  5  6  7  8  9 10 11 |
---------------+----------------------------------+-----
Dodging        | 2 3 4 |  4.5
Fire Magic     | 3 |  3.0
Stealth        | 2 3 |  3.8
Armour         | 1 2 3 4 6 7 |  7.7
Short Blades   | 2 |  2.2
Fighting       | 1 2 3 4 5 |  5.5
Maces & Flails | 1 2 4 |  4.6
Evocations     | 1 2 3 5 6 7 |  7.2
Axes           | 1 4 5 |  5.7
Long Blades    | 1 |  1.0
Shields        | 1 2 |  2.3
Polearms       | 2 4 6 |  6.0
Earth Magic    | 1 |  1.5
Throwing       | 1 2 |  2.3
Spellcasting   | |  2.1
Conjurations   | |  1.0

Action                     |  1- 3 |  4- 6 |  7- 9 | 10-12 || total
---------------------------+-------+-------+-------+-------++-------
  Melee: Dagger            |    93 |       |       |       ||    93
         Punch             |     2 |     1 |     8 |     1 ||    12
         Whip              |    49 |       |       |       ||    49
         Short sword       |    27 |   102 |       |       ||   129
         Flail             |       |    76 |    58 |       ||   134
         Hand axe          |       |    14 |   210 |    81 ||   305
         Spear             |       |       |    93 |       ||    93
         Falchion          |       |       |    10 |       ||    10
         Halberd           |       |       |     7 |       ||     7
         Glaive            |       |       |       |   119 ||   119
  Throw: Stone             |       |       |    32 |       ||    32
         Dart              |       |       |     4 |    28 ||    32
         Javelin           |       |       |       |     1 ||     1
   Cast: Foxfire           |     8 |       |       |       ||     8
 Invoke: Berserk           |       |     4 |    14 |     6 ||    24
         Trog's Hand       |       |     3 |     8 |     2 ||    13
  Evoke: Wand              |       |     1 |    22 |     8 ||    31
    Use: Scroll            |       |     8 |     3 |    11 ||    22
         Potion            |       |     2 |     4 |     4 ||    10
   Stab: Sleeping          |    11 |     6 |     2 |     1 ||    20
         Paralysed         |       |       |     2 |       ||     2
 Armour: Leather armour    |    44 |       |       |       ||    44
         Ring mail         |     5 |    70 |    45 |       ||   120
         Chain mail        |       |       |    70 |       ||    70
         Swamp dragon scal |       |       |    13 |    72 ||    85
  Dodge: Dodged            |   111 |    92 |   162 |   148 ||   513
  Block: Other             |       |       |    65 |    16 ||    81
